 Dungeon Sprint DCSS version 0.23.2-1-ga50397a (webtiles) character file.

Game seed: 10120778526561801446

1449 myga the Unseen (level 8, -8/44 HPs)
             Began as a Spriggan Assassin on Apr 6, 2019.
             Was a Follower of Wu Jian.
             Mangled by a centaur warrior (13 damage)
             ... in the Dungeon (Sprint I: "Red Sonja") on May 2, 2019.
             The game lasted 00:07:03 (329 turns).

myga the Unseen (Spriggan Assassin)                  Turns: 329, Time: 00:07:04

Health: -8/44      AC:  3    Str:  9    XL:     8   Next: 47%
Magic:  9/9        EV: 20    Int: 13    God:    Wu Jian [*.....]
Gold:   545        SH:  0    Dex: 17    Spells: 7/7 levels left

rFire    . . .     SeeInvis +   a - +2 dagger
rCold    . . .     Gourm    .   (shield restricted)
rNeg     . . .     Faith    .   c - +0 robe
rPois    .         Spirit   .   (helmet restricted)
rElec    .         Reflect  .   d - +0 cloak
rCorr    .         Harm     .   (gloves unavailable)
MR       +....     NoTele   +   (boots unavailable)
Stlth    ++++++++..             (no amulet)
HPRegen  0.14/turn              (no ring)
MPRegen  0.11/turn              (no ring)

@: very quick
A: very small, unfitting armour, see invisible, herbivore, speed 3, slow
metabolism 2
a: Renounce Religion


You were in the Dungeon.
You worshipped Wu Jian.
Wu Jian was aware of your devotion.
You were not hungry.

You visited 1 branch You collected 545 gold pieces.

Inventory:

Hand Weapons
 a - a +2 dagger (weapon)
 b - a +0 blowgun
 j - a +1 dagger of distortion
 n - a +0 hunting sling
Missiles
 e - 6 poisoned needles
 l - 9 curare-tipped needles
Armour
 c - a +0 robe (worn)
 d - a +0 cloak (worn)
 p - a +0 cloak
Wands
 f - a wand of polymorph (2)
Scrolls
 m - a scroll of blinking
 o - a scroll of remove curse {unknown}
Potions
 h - a potion of curing
 k - 2 potions of magic
Comestibles
 g - 2 rations


   Skills:
 + Level 5.5 Fighting
 + Level 6.4 Short Blades
 + Level 7.6 Throwing
 + Level 4.9 Dodging
 + Level 20.8 Stealth
 + Level 1.8 Unarmed Combat


You had 7 spell levels left.
You didn't know any spells.
Your spell library was empty.

Dungeon Overview and Level Annotations

Branches:
Dungeon (1/1)

Altars:
Cheibriados
Dithmenos
Elyvilon
Fedhas
Gozag
Hepliaklqana
Kikubaaqudgha
Nemelex Xobeh
Okawaru
Qazlal
Ru
Sif Muna
Trog
Uskayaw
Vehumet
Wu Jian
Yredelemnul
Zin
The Shining One

Shops:
D %[


Innate Abilities, Weirdness & Mutations

You are very small and have problems with some larger weapons.
You are too small for most types of armour.
You have supernaturally acute eyesight. (SInv)
You are a herbivore.
You cover ground extremely quickly.
You need to consume almost no food.


Message History

The centaur warrior hits you! x2
* * * LOW HITPOINT WARNING * * *
Okay, then.
You hit the centaur warrior.
The centaur warrior is lightly wounded.
The centaur warrior hits you.
* * * LOW HITPOINT WARNING * * *
Okay, then.
Evoke which item? (* to show all) (? for menu, Esc to quit)
Aiming: Polymorph
Press: ? - help, Shift-Dir - straight line, f/p - centaur warrior
Aim: a centaur warrior (lightly wounded, poisoned, chance to defeat MR: 28%)
The centaur warrior easily resists.
The centaur warrior hits you but does no damage.
Evoke which item? (* to show all) (? for menu, Esc to quit)
Aiming: Polymorph
Press: ? - help, Shift-Dir - straight line, f/p - centaur warrior
Aim: a centaur warrior (lightly wounded, poisoned, chance to defeat MR: 28%)
The centaur warrior easily resists.
The centaur warrior hits you!
You die...

#..'..#..'..#
'..#.)').#..+
#####'#####'# ###
####..#...#[####(§#
#__####..##.#≈≈≈§.#
#_____##'#_.+§§§c§+
#_.∩...'..._#§§§c§#
#_..__##_.#+##(####
#_____###'# #(cc@###
#########.####'###.##
+...'...§.'[∩#
#.).########## ##.##
#+#


You could see 2 centaur warriors.

Vanquished Creatures
  Sonja (D)
  A deep troll (D)
  A yak (D)
  Sigmund (D)
  An ogre (D)
  A jelly (D)
  Ijyb (D)
7 creatures vanquished.

Notes
Turn   | Place    | Note
-------+----------+-------------------------------------------
     0 | D        | myga the Spriggan Assassin began the quest for the Orb.
     0 | D        | Reached XP level 1. HP: 10/10 MP: 2/2
     0 | D        | Upgraded the game from 0.23.2 to 0.23.2-1-ga50397a
     3 | D        | Noticed Ijyb
    26 | D        | Killed Ijyb
    26 | D        | Reached skill level 9 in Stealth
    26 | D        | Reached XP level 2. HP: 15/15 MP: 3/3
    75 | D        | Noticed an ogre
    78 | D        | Killed an ogre
    78 | D        | Reached skill level 12 in Stealth
    78 | D        | Reached XP level 3. HP: 19/19 MP: 4/4
    78 | D        | Reached XP level 4. HP: 23/23 MP: 5/5
    80 | D        | Noticed Sigmund
    89 | D        | Killed Sigmund
    89 | D        | Reached skill level 5 in Throwing
    89 | D        | Reached skill level 14 in Stealth
    89 | D        | Reached skill level 1 in Unarmed Combat
    89 | D        | Reached XP level 5. HP: 21/29 MP: 6/6
   214 | D        | Found a deep blue altar of Sif Muna.
   215 | D        | Found an ornate altar of the Wu Jian Council.
   216 | D        | Found a radiant altar of Vehumet.
   220 | D        | Reached skill level 15 in Stealth
   220 | D        | Reached XP level 6. HP: 33/33 MP: 7/7
   222 | D        | Became a worshipper of the Wu Jian Council
   243 | D        | Found Atep's Food Emporium.
   243 | D        | Found an ancient bone altar of Kikubaaqudgha.
   243 | D        | Found a hazy altar of Hepliaklqana.
   243 | D        | Found a hide-covered altar of Uskayaw.
   243 | D        | Found a basalt altar of Yredelemnul.
   243 | D        | Found an opulent altar of Gozag.
   243 | D        | Found a snail-covered altar of Cheibriados.
   243 | D        | Found a sacrificial altar of Ru.
   243 | D        | Found a shadowy altar of Dithmenos.
   243 | D        | Noticed a yak
   244 | D        | Found a stormy altar of Qazlal.
   244 | D        | Found a blossoming altar of Fedhas.
   244 | D        | Found a bloodstained altar of Trog.
   244 | D        | Found an iron altar of Okawaru.
   244 | D        | Found a glowing golden altar of the Shining One.
   244 | D        | Found a glowing silver altar of Zin.
   244 | D        | Found a white marble altar of Elyvilon.
   245 | D        | Killed a yak
   245 | D        | Reached skill level 5 in Short Blades
   245 | D        | Reached skill level 16 in Stealth
   246 | D        | Found a sparkling altar of Nemelex Xobeh.
   255 | D        | Noticed Sonja
   258 | D        | Killed Sonja
   258 | D        | Reached skill level 5 in Fighting
   258 | D        | Reached skill level 19 in Stealth
   258 | D        | Reached XP level 7. HP: 39/39 MP: 8/8
   274 | D        | Noticed a deep troll
   278 | D        | Killed a deep troll
   278 | D        | Reached * piety under Wu Jian
   278 | D        | Reached skill level 20 in Stealth
   278 | D        | Reached XP level 8. HP: 44/44 MP: 9/9
   288 | D        | Found Qipparghi's Armour Emporium.
   315 | D        | Noticed a centaur warrior
   315 | D        | Noticed a centaur warrior
   329 | D        | Mangled by a centaur warrior

Skill      XL: |  1  2  3  4  5  6  7 |
---------------+----------------------+-----
Fighting       | 2 3 5 |  5.5
Dodging        | 2 3 4 |  4.9
Stealth        | 9 12 14 15 19 20 | 20.8
Short Blades   | 3 4 6 |  6.4
Throwing       | 3 5 7 |  7.6
Unarmed Combat | 1 |  1.8

Action                   |  1- 3 |  4- 6 |  7- 9 || total
-------------------------+-------+-------+-------++-------
Melee: Unarmed           |    10 |       |       ||    10
       Dagger            |     1 |     6 |     4 ||    11
 Fire: Blowgun           |     4 |     2 |     2 ||     8
Invok: Lunge             |       |     1 |       ||     1
Evoke: Wand              |       |       |     2 ||     2
  Use: Potion            |     1 |     1 |     1 ||     3
 Stab: Sleeping          |     1 |     3 |     1 ||     5
Armor: Robe              |       |       |     1 ||     1
Dodge: Dodged            |     5 |     2 |     3 ||    10
